 Dungeon Crawl Stone Soup version 0.24.0-13-gcf9b3192b9 (console) character file.

Game seed: 5788275280573928976, levelgen mode: deterministic

23206 AlterAsc the Grappler (level 12, -7/107 HPs)
             Began as a Red Draconian Transmuter on Nov 6, 2019.
             Was a Believer of Ashenzari.
             Mangled by a spiny frog (19 damage)
             ... on level 3 of the Lair of Beasts.
             The game lasted 00:54:37 (14286 turns).

AlterAsc the Grappler (Red Draconian Transmuter)   Turns: 14286, Time: 00:54:38

Health: -7/107     AC: 16    Str: 18    XL:     12   Next: 69%
Magic:  17/21      EV: 17    Int: 13    God:    Ashenzari [**....]
Gold:   971        SH:  0    Dex: 12    Spells: 11/23 levels left

rFire    + + .     SeeInvis .     - Unarmed
rCold    . . .     Gourm    .   (no shield)
rNeg     . . .     Faith    .   (armour unavailable)
rPois    .         Spirit   .   A - +2 hat {MR+} (curse)
rElec    .         Reflect  .   v - +2 cloak (curse)
rCorr    .         Harm     .   w - +2 pair of gloves (curse)
MR       +....                  (no boots)
Stlth    ++........             (no amulet)
HPRegen  0.27/turn              C - ring of protection from fire
MPRegen  0.17/turn              G - +4 ring of slaying

@: lethally poisoned (-7 -> -12), about to teleport, very slightly contaminated,
lightly drained
A: breathe fire, unfitting armour, fire resistance 1, cold-blooded, AC +8
a: Breathe Fire, Curse Item, Scrying, Renounce Religion


You were on level 3 of the Lair of Beasts.
You worshipped Ashenzari.
Ashenzari was pleased with you.
You were not hungry.

You visited 3 branches of the dungeon, and saw 15 of its levels.

You collected 971 gold pieces.

Inventory:

Hand Weapons
 I - a +4 short sword of distortion
Missiles
 b - 149 arrows
 o - 8 atropa-tipped darts
 p - 29 poisoned darts (quivered)
Armour
 f - the +0 ring mail of Entitlement {rElec rF- Int+6}
   (You found it on level 4 of the Dungeon)

   It affects your intelligence (+6).
   It makes you vulnerable to fire.
   It insulates you from electricity.
 l - a +3 buckler of reflection
 v - a cursed +2 cloak (worn)
 w - a cursed +2 pair of gloves (worn)
 y - a +2 hat
 A - a cursed +2 hat of magic resistance (worn)
Jewellery
 C - a ring of protection from fire (left hand)
 G - a +4 ring of slaying (right hand)
Wands
 h - a wand of scattershot (4)
 x - a wand of iceblast (14)
 D - a wand of paralysis (16)
 E - a wand of digging (5)
 H - a wand of enslavement (11)
 M - a wand of disintegration (13)
Scrolls
 e - 2 scrolls of immolation
 g - 4 scrolls of identify
 i - 2 scrolls of fear
 m - a scroll of enchant armour
 n - 7 scrolls of amnesia
 q - 2 scrolls of fog
 r - a scroll of summoning
 t - a scroll of teleportation
 u - 2 scrolls of magic mapping
 B - a scroll of holy word {unknown}
 J - 2 scrolls of silence
 N - a scroll of torment
Potions
 a - 3 potions of agility
 d - a potion of cancellation {unknown}
 j - 4 potions of brilliance
 k - 2 potions of flight
 s - 2 potions of resistance
 z - a potion of mutation {unknown}
 F - a potion of berserk rage {unknown}
 K - a potion of might
 L - 2 potions of curing
Comestibles
 c - 27 rations


   Skills:
 + Level 10.3(9.9) Fighting
 - Level 8.0(9.1) Dodging
 - Level 1.1(1.7) Stealth
 * Level 13.2(12.8) Unarmed Combat
 - Level 6.0(5.7) Spellcasting
 - Level 9.0(8.7) Transmutations
 - Level 2.1(1.8) Ice Magic
 - Level 3.0(2.7) Evocations


You had 11 spell levels left.
You knew the following spells:

 Your Spells              Type           Power        Failure   Level  Hunger
a - Beastly Appendage     Tmut           ####..       1%          1    None
b - Sticks to Snakes      Tmut           ####....     1%          2    ##.....
c - Blade Hands           Tmut           ####......   14%         5    ######.
d - Ice Form              Ice/Tmut       ###.....     21%         4    ####...

Your spell library contained the following spells:

 Spells                   Type           Power        Failure   Level  Hunger
 Spider Form              Tmut/Pois      ###.......   9%          3    ###....
 Animate Skeleton         Necr           N/A          17%         1    None
 Apportation              Tloc           #.....       17%         1    None
 Confusing Touch          Hex            #.....       17%         1    None
 Corona                   Hex            #......      17%         1    None
 Magic Dart               Conj           #...         17%         1    None
 Summon Small Mammal      Summ           #...         17%         1    None
 Ensorcelled Hibernation  Hex/Ice        #.....       19%         2    ##.....
 Searing Ray              Conj           #.....       26%         2    ##.....
 Petrify                  Tmut/Erth      ###.....     28%         4    ####...
 Confuse                  Hex            #.......     45%         3    ###....
 Dazzling Spray           Conj/Hex       #.....       45%         3    ###....
 Gell's Gravitas          Tloc           #.........   45%         3    ###....
 Tukima's Dance           Hex            #.......     45%         3    ###....
 Yara's Violent Unravell  Hex/Tmut       ###.......   63%         5    ######.
 Force Lance              Conj/Tloc      #.......     86%         4    ####...
 Fulminant Prism          Conj/Hex       #.........   86%         4    ####...
 Iskenderun's Mystic Bla  Conj           #.......     86%         4    ####...
 Metabolic Englaciation   Hex/Ice        #.........   97%         5    ######.


Dungeon Overview and Level Annotations

Branches:
Dungeon (11/15)            Temple (1/1) D:7            Lair (3/6) D:10
    Orc (0/2) D:9
  Swamp: Lair:2-4    Shoals: Lair:2-4     Snake: Lair:2-4    Spider: Lair:2-4

Altars:
Ashenzari
Cheibriados
Dithmenos
Elyvilon
Fedhas
Gozag
Hepliaklqana
Kikubaaqudgha
Makhleb
Nemelex Xobeh
Okawaru
Qazlal
Ru
Sif Muna
Trog
Uskayaw
Vehumet
Wu Jian
Xom
Yredelemnul
Zin
The Shining One
Beogh

Annotations:
D:3 2 transporters, Granthy's ghost, amateur GnNe


Innate Abilities, Weirdness & Mutations

You can breathe blasts of fire.
Your fiery red scales are hard. (AC +8)
You cannot fit into any form of body armour.
Your flesh is heat resistant. (rF+)
You are cold-blooded and may be slowed by cold attacks.


Message History

Your body is twisted very painfully!
The spiny frog croaks.
The spiny frog stings you.
You are poisoned.
The spiny frog poisons you!
You completely miss the spiny frog.
Your tail-slap misses the spiny frog.
You feel sick. The spiny frog stings you!!
* * * LOW HITPOINT WARNING * * *
You punch the spiny frog!
The spiny frog is heavily wounded.
You feel sick. The spiny frog stings you!
* * * LOW HITPOINT WARNING * * *
You hit the spiny frog.
The spiny frog is heavily wounded.
You feel sick.
The spiny frog stings you but does no damage.
Okay, then.
As you read the scroll of teleportation, it crumbles to dust.
You feel strangely unstable.
You feel sick. The spiny frog stings you!!
You die...

+###.....#.**,*,,,,,*
.............,,,,,,.#*
##...........,,,<....*
#.........,..,,,,..#*
#.........,,.,,,,..#
*#.รท........*#.**,..##
*#%##......P##.####..#
*#.##.......#........#
##..##.....##..F@...#*
##.........##.....#.#
##...............#..#
##..........#....##.#
............#....##.#
####.#.....###..###.#*
###.#......#*...,*#.P*
................,,..#*
............,,,,,,..#


You could see a spiny frog.

Vanquished Creatures
  Harold (D:10)
  A hydra (D:11)
  2 two-headed ogres
  Urug (Lair:2)
  A slime creature (D:11)
  Sonja (Lair:3)
  2 black mambas
  A gargoyle (D:9)
  2 spiny frogs
  A torpor snail (Lair:3)
  2 komodo dragons
  3 trolls
  Prince Ribbit (D:8)
  5 blink frogs (Lair:2)
  4 hippogriffs
  Sigmund (D:5)
  A spriggan (Lair:3)
  3 wyverns
  32 yaks
  4 hogs (D:7)
  A human (D:7)
  A hungry ghost (D:4)
  An acid dragon (D:10)
  6 porcupines
  2 water moccasins
  4 ice beasts
  2 sky beasts
  A black bear (Lair:3)
  4 phantoms
  4 orc warriors
  A necrophage (D:5)
  6 ogres
  2 centaurs
  3 wolves (Lair:3)
  16 crocodiles
  2 big kobolds
  6 bullfrogs
  A gnoll sergeant (D:10)
  Blork the orc (D:5)
  4 scorpions
  5 wights (D:10)
  A howler monkey (D:6)
  2 bullfrog zombies
  4 crimson imps
  A quasit (D:9)
  A centaur zombie (D:7)
  4 hounds
  7 orc priests
  4 orc wizards
  A centaur skeleton (D:4)
  A gnoll shaman (D:6)
  3 jellies
  A bullfrog skeleton (D:8)
  3 iguanas
  3 worker ants
  6 hell rats
  A hound zombie (D:7)
  A worker ant zombie (D:10)
  16 adders
  9 gnolls
  A howler monkey skeleton (D:7)
  9 river rats (Lair:1)
  3 shadow imps
  A worm (D:2)
  8 leopard geckos
  19 orcs
  A ball python (D:4)
  2 giant cockroaches
  2 hobgoblins
  5 jackals
  12 kobolds
  2 quokkas
  A ball python skeleton (D:4)
  6 bats
  3 frilled lizards
  4 goblins (D:1)
  A jackal skeleton (D:6)
  A leopard gecko skeleton (D:7)
  A quokka skeleton (D:3)
  5 rats
298 creatures vanquished.

Vanquished Creatures (collateral kills)
  Gastronok (D:10)
  An ogre (D:3)
2 creatures vanquished.

Vanquished Creatures (others)
  3 fungi (Lair:3)
  A plant (Lair:3)
4 creatures vanquished.

Grand Total: 304 creatures vanquished

Notes
Turn   | Place    | Note
-------+----------+-------------------------------------------
     0 | D:1      | AlterAsc the Draconian Transmuter began the quest for the
                  | Orb.
     0 | D:1      | Reached XP level 1. HP: 16/16 MP: 3/3
   113 | D:1      | Reached XP level 2. HP: 21/23 MP: 3/5
   767 | D:2      | Reached XP level 3. HP: 27/28 MP: 4/6
   883 | D:2      | Found an opulent altar of Gozag.
  1098 | D:2      | Learned a level 2 spell: Sticks to Snakes
  1396 | D:3      | Noticed an ogre
  1532 | D:3      | Found a transporter.
  1532 | D:3      | Noticed Granthy's ghost (amateur GnNe)
  1533 | D:3      | Noticed a hungry ghost
  1537 | D:3      | Found a transporter.
  2050 | D:3      | Killed an ogre
  2050 | D:3      | Reached XP level 4. HP: 4/35 MP: 1/8
  2274 | D:4      | Noticed an ogre
  2307 | D:4      | Noticed Blork the orc
  2337 | D:4      | Noticed a centaur
  2728 | D:4      | Reached XP level 5. HP: 36/40 MP: 7/9
  2802 | D:4      | Noticed a hungry ghost
  2843 | D:5      | Entered Level 5 of the Dungeon
  2911 | D:5      | Learned a level 5 spell: Blade Hands
  2930 | D:5      | HP: 2/40 [orc priest/divine providence (13)]
  3295 | D:5      | Noticed Sigmund
  3416 | D:4      | HP: 1/40 [adder (2)]
  3422 | D:4      | Killed an ogre
  3422 | D:4      | Reached skill level 5 in Transmutations
  3422 | D:4      | Reached XP level 6. HP: 2/47 MP: 9/11
  3425 | D:4      | HP: 2/70 [scorpion (1)]
  4069 | D:4      | Got a faintly humming ring mail
  4260 | D:4      | Killed a hungry ghost
  4260 | D:4      | Your scales start taking on a fiery red colour.
  4260 | D:4      | Reached XP level 7. HP: 50/52 MP: 7/13
  4260 | D:4      | Gained mutation: Your flesh is heat resistant. (rF+) [Red
                  | Draconian growth]
  4643 | D:5      | Killed Sigmund
  4643 | D:5      | Reached skill level 5 in Spellcasting
  4682 | D:5      | Killed Blork the orc
  4682 | D:5      | Reached XP level 8. HP: 38/59 MP: 9/15
  4889 | D:6      | Found a sparkling altar of Nemelex Xobeh.
  5087 | D:6      | Reached skill level 4 in Unarmed Combat
  5631 | D:6      | Reached skill level 5 in Unarmed Combat
  6133 | D:7      | Reached XP level 9. HP: 71/71 MP: 10/16
  6147 | D:7      | Found a staircase to the Ecumenical Temple.
  6156 | Temple   | Entered the Ecumenical Temple
  6267 | D:7      | Reached skill level 6 in Unarmed Combat
  6308 | D:7      | Found a snail-covered altar of Cheibriados.
  6308 | D:7      | Found a shimmering altar of Xom.
  6313 | D:7      | Found a blossoming altar of Fedhas.
  6315 | D:7      | Found a shadowy altar of Dithmenos.
  6317 | D:7      | Found an ancient bone altar of Kikubaaqudgha.
  6650 | D:7      | Reached skill level 5 in Fighting
  6650 | D:7      | Reached skill level 7 in Unarmed Combat
  6781 | D:7      | Found a sacrificial altar of Ru.
  7506 | D:8      | Reached skill level 1 in Evocations
  7694 | D:8      | Noticed Prince Ribbit
  7698 | D:8      | Killed Prince Ribbit
  7698 | D:8      | Reached skill level 5 in Dodging
  7698 | D:8      | Reached skill level 8 in Unarmed Combat
  7802 | D:8      | Found an opulent altar of Gozag.
  7950 | D:9      | Noticed a troll
  7957 | D:9      | Killed a troll
  7957 | D:9      | Reached XP level 10. HP: 80/83 MP: 14/17
  8339 | D:9      | Noticed a gargoyle
  8347 | D:9      | Killed a gargoyle
  8457 | D:9      | Found an ornate altar of the Wu Jian Council.
  8469 | D:9      | Found a shattered altar of Ashenzari.
  8486 | D:9      | Became a worshipper of Ashenzari the Shackled
  8517 | D:9      | Reached skill level 9 in Unarmed Combat
  8621 | D:9      | Found a staircase to the Orcish Mines.
  8652 | D:9      | Found a roughly hewn altar of Beogh.
  8727 | D:10     | Entered Level 10 of the Dungeon
  8909 | D:10     | Reached skill level 10 in Unarmed Combat
  8925 | D:10     | Noticed Harold
  8930 | D:10     | Killed Harold
  9000 | D:10     | Reached XP level 11. HP: 63/92 MP: 12/18
  9318 | D:10     | Noticed Gastronok
  9380 | D:10     | Killed Gastronok
  9681 | D:10     | Noticed a two-headed ogre
  9689 | D:10     | Killed a two-headed ogre
  9909 | D:10     | Found a staircase to the Lair.
 10119 | D:11     | Noticed a seven-headed hydra
 10191 | D:10     | Learned a level 4 spell: Ice Form
 10213 | D:11     | Reached skill level 1 in Ice Magic
 10427 | D:11     | Reached skill level 11 in Unarmed Combat
 10745 | D:11     | Noticed a two-headed ogre
 10751 | D:11     | Killed a two-headed ogre
 10759 | D:11     | Killed a seven-headed hydra
 10759 | D:11     | Reached XP level 12. HP: 17/103 MP: 11/21
 11459 | Lair:1   | Entered Level 1 of the Lair of Beasts
 11537 | Lair:1   | Reached * piety under Ashenzari
 12319 | Lair:2   | Reached skill level 12 in Unarmed Combat
 12601 | Lair:2   | Noticed Urug
 12615 | Lair:2   | Killed Urug
 13515 | Lair:3   | Reached skill level 10 in Fighting
 13553 | Lair:3   | Reached ** piety under Ashenzari
 13591 | Lair:3   | Reached skill level 13 in Unarmed Combat
 13612 | Lair:3   | Found a frozen archway.
 14010 | Lair:3   | Noticed Sonja
 14052 | Lair:3   | Killed Sonja
 14052 | Lair:3   | Reached skill level 1 in Stealth
 14286 | Lair:3   | Mangled by a spiny frog

Levels and vault maps discovered:
D:1:      eino_arrival_druids_welcome, layout_basic, minmay_bisected
D:2:      layout_basic, nicolae_gozag_seed_capital
D:3:      layout_loops_ring, gammafunk_ghost_mausoleum
D:4:      layout_basic, first_ration, kennysheep_generic_room_10,
          uniq_blork_the_orc
D:5:      layout_rooms, uniq_sigmund
D:6:      layout_gridville, kennysheep_little_box
D:7:      layout_layer_cave, nicolae_ru_the_path_less_chosen,
          chequers_temple_overflow_minitemple, minmay_temple_entry_antechambers,
          grunt_livestock
D:8:      layout_rooms, basic_altar, uniq_prince_ribbit1
D:9:      layout_grid_maze, overflow_temple_1_default,
          minmay_orc_entry_temple_small, basic_altar, serial_glass,
          glass_columns_a, glass_columns_b, glass_columns_b, glass_columns_c,
          glass_columns_c, glass_columns_a, glass_columns_b, glass_columns_a,
          feat_on_display, minmay_strange_pillars, due_unseen_surprise,
          minmay_strange_pillars
D:10:     layout_loops_ring, erik_lair_dragon, uniq_harold, uniq_gastronok
D:11:     layout_loops_ring
Temple:   dshaligram_water_room_temple
Lair:1:   layout_chaotic_city, kennysheep_rathole
Lair:2:   layout_long_grid, beast_lair_carwin_1, uniq_urug
Lair:3:   layout_regular_city, portal_ice_cave_demonic_guard,
          serial_bayou_ford_a, chequers_serial_rivers_small_b,
          grunt_forest_stairs_clearing, lemuel_fruit_fields, uniq_sonja

Skill      XL: |  1  2  3  4  5  6  7  8  9 10 11 12 |
---------------+-------------------------------------+-----
Transmutations | 4 5 6 7 8 9 |  9.0
Spellcasting   | 3 4 5 6 |  6.0
Dodging        | 2 3 5 6 7 8 |  8.0
Fighting       | 3 5 7 8 10 | 10.3
Unarmed Combat | 5 8 10 11 13 | 13.2
Evocations     | 2 3 |  3.0
Ice Magic      | 2 |  2.1
Stealth        | 1 |  1.1

Action                   |  1- 3 |  4- 6 |  7- 9 | 10-12 || total
-------------------------+-------+-------+-------+-------++-------
Melee: Unarmed           |   151 |    63 |   222 |   435 ||   871
       Tailslap          |    21 |     8 |    22 |    42 ||    93
       Kick              |    15 |     4 |     2 |       ||    21
       Headbutt          |     4 |     1 |     2 |       ||     7
       Punch             |       |     1 |     6 |    13 ||    20
Throw: Dart              |       |    14 |     6 |       ||    20
 Cast: Beastly Appendage |    21 |     7 |     4 |       ||    32
       Sticks to Snakes  |     9 |     3 |       |     9 ||    21
       Blade Hands       |       |     2 |    33 |    72 ||   107
       Ice Form          |       |       |       |     1 ||     1
Invok: Curse Item        |       |       |       |     3 ||     3
 Abil: End Transformatio |       |       |       |     1 ||     1
       Breathe Fire      |       |       |       |     1 ||     1
Evoke: Wand              |       |       |       |     5 ||     5
  Use: Potion            |       |     8 |       |     2 ||    10
       Scroll            |       |     4 |     4 |    13 ||    21
 Stab: Sleeping          |     1 |       |       |       ||     1
  Eat: Chunk             |     4 |     2 |    18 |    42 ||    66
       Ration            |       |     2 |     2 |     3 ||     7
Armor: Skin              |    44 |    20 |    66 |    86 ||   216
Dodge: Dodged            |   114 |    36 |   109 |   240 ||   499
